 Dungeon Crawl Stone Soup version 0.22-a0-83-g218e7ff (webtiles) character file.

1495 galech the Grappler (level 8, -5/81 HPs)
             Began as a Troll Monk on Jan 19, 2018.
             Was an Elder of Okawaru.
             Slain by a two-headed ogre
             ... wielding a +0 giant club
              (17 damage)
             ... on level 6 of the Dungeon.
             The game lasted 00:08:21 (4860 turns).

galech the Grappler (Troll Monk)                    Turns: 4860, Time: 00:08:22

Health: -5/81      AC:  5    Str: 22    XL:     8   Next: 51%
Magic:  7/7        EV: 10    Int:  6    God:    Okawaru [****..]
Gold:   316        SH:  0    Dex: 12    Spells: 7/7 levels left

rFire    + . .     SeeInvis .     - Unarmed
rCold    + . .     Gourm    +   (no shield)
rNeg     . . .     Faith    .   a - +0 robe
rPois    .         Spirit   .   (helmet restricted)
rElec    .         Reflect  .   m - scarf {rC+ rF+}
rCorr    .         Harm     .   (gloves unavailable)
MR       .....                  (boots unavailable)
Stlth    ++........             (no amulet)
HPRegen  0.63/turn              (no ring)
MPRegen  0.10/turn              (no ring)

@: lethally poisoned (-5 -> -6)
A: large, unfitting armour, claws 3, fast metabolism 3, gourmand, regeneration
1, shaggy fur 1, tough skin 2
a: Heroism, Renounce Religion


You were on level 6 of the Dungeon.
You worshipped Okawaru.
Okawaru was greatly pleased with you.
You were very full.

You visited 1 branch of the dungeon, and saw 6 of its levels.

You collected 316 gold pieces.

Inventory:

Armour
 a - a +0 robe (worn)
 m - a scarf of resistance (worn)
Wands
 n - a wand of enslavement (4)
 v - a wand of disintegration (11)
Scrolls
 c - 2 scrolls of immolation {unknown}
 d - 4 scrolls of remove curse {unknown}
 e - 2 scrolls of fog {unknown}
 f - 2 scrolls of enchant weapon {unknown}
 g - 2 scrolls of identify {unknown}
 h - a scroll of noise {unknown}
 l - 2 scrolls of teleportation {unknown}
 o - a scroll of amnesia {unknown}
 r - a scroll of fear {unknown}
 t - a scroll of magic mapping {unknown}
 u - a scroll of blinking {unknown}
 w - a scroll of enchant armour {unknown}
Potions
 j - 4 potions of might {unknown}
 k - 3 potions of heal wounds {unknown}
 p - a potion of brilliance {unknown}
 s - a potion of mutation {unknown}
Books
 i - a book of Minor Magic

   Spells                             Type                      Level
   a - Magic Dart                     Conjuration                  1
   b - Blink                          Translocation                2
   c - Call Imp                       Summoning                    2
   d - Slow                           Hexes                        2
   e - Conjure Flame                  Conjuration/Fire             3
   f - Mephitic Cloud                 Conjuration/Poison/Air       3
Comestibles
 b - 13 rations


   Skills:
 + Level 5.4 Fighting
 - Level 2.4 Dodging
 - Level 2.0 Stealth
 * Level 8.9 Unarmed Combat


You had 7 spell levels left.
You didn't know any spells.

Dungeon Overview and Level Annotations

Branches:
Dungeon (6/15)             Temple (0/1) D:5

Altars:
Dithmenos
Gozag
Okawaru
Sif Muna
Yredelemnul
The Shining One


Innate Abilities, Weirdness & Mutations

You are too large for most types of armour.
You have claws for hands.
Your metabolism is lightning-fast.
You like to eat raw meat.
Your natural rate of healing is unusually fast.
You are covered in fur. (AC +1)
You have very tough skin. (AC +2)


Message History

HP restored.
You climb downwards.
The two-headed ogre hits you with a giant club!!
The two-headed ogre barely misses you.
The two-headed ogre hits you with a giant club! x2
There is a stone staircase leading up, spattered with blood here.
You claw the two-headed ogre! You claw the two-headed ogre.
The two-headed ogre is moderately wounded.
You feel sick.
You claw the two-headed ogre!
The two-headed ogre is moderately wounded.
The two-headed ogre hits you with a giant club.
The two-headed ogre hits you with a giant club!
* * * LOW HITPOINT WARNING * * *
You scratch the two-headed ogre but do no damage.
The two-headed ogre is moderately wounded.
You claw the two-headed ogre!
The two-headed ogre is severely wounded.
The two-headed ogre hits you with a giant club!
You die...

### #@# #O# #.# #.#
##### #.####.#..
###...#####........#
###...#.(#a........###
###.).(..O.'.........#
##........#.#...#....##


You could see a two-headed ogre.

Vanquished Creatures
  Menkaure (D:5)
  2 water moccasins
  A sky beast (D:5)
  2 ogres (D:4)
  2 centaurs
  A bullfrog (D:6)
  2 bullfrog zombies (D:5)
  A crimson imp (D:5)
  A centaur skeleton (D:5)
  3 orc priests
  A bullfrog skeleton (D:3)
  An iguana (D:4)
  A worker ant (D:5)
  A killer bee zombie (D:6)
  A hound skeleton (D:5)
  A worker ant zombie (D:5)
  6 adders
  10 gnolls
  A shadow imp (D:5)
  3 oozes
  An adder skeleton (D:4)
  5 worms
  2 dart slugs (D:1)
  6 leopard geckos
  23 orcs
  6 giant cockroaches
  7 goblins
  11 hobgoblins
  12 jackals
  4 ball pythons
  4 bats
  3 frilled lizards
  13 kobolds
  4 rats
143 creatures vanquished.

Vanquished Creatures (others)
  A kobold (D:2)
1 creature vanquished.

Grand Total: 144 creatures vanquished

Notes
Turn   | Place    | Note
-------+----------+-------------------------------------------
     0 | D:1      | galech the Troll Monk began the quest for the Orb.
     0 | D:1      | Reached XP level 1. HP: 22/22 MP: 0/0
    79 | D:1      | Reached XP level 2. HP: 29/29 MP: 1/1
   396 | D:1      | Reached XP level 3. HP: 36/36 MP: 2/2
   662 | D:2      | Found an iron altar of Okawaru.
   671 | D:2      | Became a worshipper of Warmaster Okawaru
   671 | D:2      | Reached * piety under Okawaru
   671 | D:2      | Reached ** piety under Okawaru
   767 | D:2      | Found a shadowy altar of Dithmenos.
   864 | D:2      | Reached skill level 4 in Unarmed Combat
   864 | D:2      | Reached XP level 4. HP: 44/44 MP: 3/3
   936 | D:2      | Found a deep blue altar of Sif Muna.
  1141 | D:2      | Found a glowing golden altar of the Shining One.
  1150 | D:2      | Found a basalt altar of Yredelemnul.
  1227 | D:2      | Noticed a centaur
  1237 | D:2      | Killed a centaur
  1237 | D:2      | Reached XP level 5. HP: 20/53 MP: 4/4
  1656 | D:2      | Noticed an angel
  1714 | D:3      | Reached skill level 5 in Unarmed Combat
  2065 | D:3      | Reached XP level 6. HP: 42/61 MP: 5/5
  2104 | D:3      | Reached *** piety under Okawaru
  2827 | D:4      | Reached skill level 6 in Unarmed Combat
  2902 | D:4      | Reached XP level 7. HP: 42/70 MP: 6/6
  3614 | D:5      | Entered Level 5 of the Dungeon
  3726 | D:5      | Found an opulent altar of Gozag.
  3773 | D:5      | Reached skill level 7 in Unarmed Combat
  4092 | D:5      | Noticed Menkaure
  4098 | D:5      | Killed Menkaure
  4098 | D:5      | Reached XP level 8. HP: 40/79 MP: 7/7
  4231 | D:5      | Reached **** piety under Okawaru
  4231 | D:5      | Reached skill level 5 in Fighting
  4231 | D:5      | Reached skill level 8 in Unarmed Combat
  4322 | D:5      | Found a staircase to the Ecumenical Temple.
  4732 | D:6      | Noticed a two-headed ogre
  4860 | D:6      | Slain by a two-headed ogre

Vault maps used:
D:1:      shiori_arrival_maze, minmay_surrounded
D:2:      grunt_temple_overflow_holy_war, old_standard_altar,
          okawaru_ov_weapons_minmay, led_sif_pool
D:3:      wad_lake_hut, first_ration
D:5:      minmay_temple_entry_enclosed_plants, grunt_gozag_statues,
          uniq_menkaure
D:6:      kb_forest_paths

Skill      XL: |  1  2  3  4  5  6  7  8 |
---------------+-------------------------+-----
Unarmed Combat | 4 5 6 7 8 |  8.9
Fighting       | 3 4 5 |  5.4
Stealth        | 2 |  2.0
Dodging        | |  2.4

Action                   |  1- 3 |  4- 6 |  7- 9 || total
-------------------------+-------+-------+-------++-------
Melee: Unarmed           |    89 |   150 |   152 ||   391
       Punch             |     1 |     1 |     7 ||     9
 Stab: Sleeping          |     3 |     3 |     3 ||     9
  Eat: Chunk             |    13 |    19 |    16 ||    48
Armor: Robe              |    28 |    32 |    42 ||   102
Dodge: Dodged            |    45 |    65 |    78 ||   188

Table legend:
 A = Spawn XP
 B = Non-spawn XP
 C = Spawn XP percentage of total XP
 D = Spawn monster count
 E = Non-spawn monster count
 F = Spawn count percentage of total count
 G = Total turns spent on level
                    A         B        C        D         E        F      G
               +---------+---------+-------+---------+---------+-------+---------
         Total |       0 |    2136 |   0.0 |       0 |     143 |   0.0 |  4860
               +---------+---------+-------+---------+---------+-------+---------
           D:1 |       0 |      65 |   0.0 |       0 |      32 |   0.0 |   662
           D:2 |       0 |     226 |   0.0 |       0 |      17 |   0.0 |  1101
           D:3 |       0 |     271 |   0.0 |       0 |      42 |   0.0 |  1029
           D:4 |       0 |     361 |   0.0 |       0 |      18 |   0.0 |   880
           D:5 |       0 |     812 |   0.0 |       0 |      28 |   0.0 |  1026
           D:6 |       0 |     401 |   0.0 |       0 |       6 |   0.0 |   162
               +---------+---------+-------+---------+---------+-------+---------
